 Dungeon Crawl Stone Soup version 0.22-a0-448-g1fb7470 (webtiles) character file.

6 MrFlexi the Skirmisher (level 1, 0/19 HPs)
             Began as a Draconian Berserker on June 4, 2018.
             Was a Follower of Trog.
             Slain by an adder (2 damage)
             ... on level 2 of the Dungeon.
             The game lasted 00:08:35 (631 turns).

MrFlexi the Skirmisher (Draconian Berserker)         Turns: 631, Time: 00:08:35

Health: 0/19       AC:  4    Str: 19    XL:     1   Next: 75%
Magic:  1/1        EV: 12    Int:  7    God:    Trog [*.....]
Gold:   46         SH:  0    Dex: 10    Spells: 0/0 levels left

rFire    . . .     SeeInvis .   a - +0 hand axe
rCold    . . .     Gourm    .   (no shield)
rNeg     . . .     Faith    .   (armour unavailable)
rPois    .         Spirit   .   (helmet restricted)
rElec    .         Reflect  .   (no cloak)
rCorr    .         Harm     .   (no gloves)
MR       .....                  (no boots)
Stlth    +.........             (no amulet)
HPRegen  0.06/turn              (no ring)
MPRegen  0.07/turn              (no ring)

@: lethally poisoned (0 -> -8)
A: unfitting armour, cold-blooded, AC +4
a: Berserk, Renounce Religion


You were on level 2 of the Dungeon.
You worshipped Trog.
Trog was aware of your devotion.
You were not hungry.

You visited 1 branch of the dungeon, and saw 2 of its levels.

You collected 46 gold pieces.

Inventory:

Hand Weapons
 a - a +0 hand axe (weapon)
 f - a +0 club
 h - a +0 dagger
Missiles
 g - 16 stones (quivered)
Armour
 c - a +0 helmet
Scrolls
 d - a scroll of fear {unknown}
 e - a scroll of fog {unknown}
Potions
 i - a potion of resistance {unknown}
Comestibles
 b - 3 rations


   Skills:
 + Level 3.6 Fighting
 + Level 3.0 Axes
 + Level 2.7 Dodging
 + Level 0.4 Stealth


You couldn't memorise any spells.
You didn't know any spells.
Your spell library was empty.

Dungeon Overview and Level Annotations

Branches:
Dungeon (2/15)

Altars:

Annotations:
D:2 Terence


Innate Abilities, Weirdness & Mutations

Your plain brown scales are hard. (AC +4)
You cannot fit into any form of body armour.
You are cold-blooded and may be slowed by cold attacks.


Message History

The adder is severely wounded.
You hit the adder but do no damage. The adder bites you. The adder misses you.
You miss the adder.
Your tail-slap misses the adder.
The adder is severely wounded.
You miss the adder.
You feel sick. The adder bites you but does no damage.
The adder barely misses you. The adder closely misses you. The adder bites you.
You barely miss the adder.
The adder is severely wounded.
You hit the adder. The adder closely misses you.
The adder bites you but does no damage.
You barely miss the adder.
The adder is severely wounded.
You barely miss the adder. You barely miss Terence.
You feel sick. The adder bites you.
* * * LOW HITPOINT WARNING * * *
You are lethally poisoned!
The adder poisons you! The adder closely misses you. The adder bites you.
* * * LOW HITPOINT WARNING * * *
Terence closely misses you. The adder bites you.
You die...

##.......#
........#
........#
.........
#.......#
#.......#
##.S.....#
)#####.@@...#
......S.....#
#######.#####
#.# #.# #.#
#.# #.#
#.#########


You could see Terence and 2 adders.

Vanquished Creatures
  A hobgoblin (D:1)
  2 jackals (D:1)
  A bat (D:1)
  A frilled lizard (D:1)
  A rat (D:1)
6 creatures vanquished.

Notes
Turn   | Place    | Note
-------+----------+-------------------------------------------
     0 | D:1      | MrFlexi the Draconian Berserker began the quest for the Orb.
     0 | D:1      | Reached XP level 1. HP: 19/19 MP: 1/1
   625 | D:2      | Noticed Terence
   631 | D:2      | Slain by an adder

Vault maps used:
D:1:      co_arrival_square_in_a_square_in_a_square
D:2:      first_ration, uniq_robin, uniq_terence

Action                   || total
-------------------------++-------
Melee: Hand axe          ||    19
       Tailslap          ||     2
Invok: Berserk           ||     1
Armor: Skin              ||     9
Dodge: Dodged            ||    19

Table legend:
 A = Spawn XP
 B = Non-spawn XP
 C = Spawn XP percentage of total XP
 D = Spawn monster count
 E = Non-spawn monster count
 F = Spawn count percentage of total count
 G = Total turns spent on level
                    A         B        C        D         E        F      G
               +---------+---------+-------+---------+---------+-------+---------
         Total |       0 |       9 |   0.0 |       0 |       6 |   0.0 |   631
               +---------+---------+-------+---------+---------+-------+---------
           D:1 |       0 |       9 |   0.0 |       0 |       6 |   0.0 |   613
               +---------+---------+-------+---------+---------+-------+---------
